 Dungeon Crawl Stone Soup version 0.14-a0-1585-g835621a (webtiles) character file.

350 HollowCharge the Cudgeler (level 6, -3/66 HPs)
             Began as an Ogre Gladiator on Dec 22, 2013.
             Was an Initiate of Okawaru.
             Slain by an orc wizard
             ... wielding a -1,+0 orcish short sword
              (4 damage)
             ... on Level 4 of the Dungeon.
             The game lasted 00:18:20 (3751 turns).

HollowCharge the Cudgeler (Ogre Gladiator)          Turns: 3751, Time: 00:18:20

HP  -3/66        AC  3     Str 23      XL: 6   Next:  3%
MP   6/6         EV 10     Int  7      God: Okawaru [......]
Gold 120         SH  0     Dex  8      Spells:  0 memorised,  5 levels left

rFire  . . .     SeeInvis .     e - +0,+3 orc flail
rCold  + . .     Clarity  .     l - +0 elf robe
rNeg   . . .     Conserve .     (shield restricted)
rPois  .         rCorr    .     c - +0 cap
rElec  .         rRot     .     (no cloak)
SustAb . .       Spirit   .     (gloves unavailable)
rMut   .         Warding  .     (boots unavailable)
Saprov + . .     Stasis   .     (no amulet)
                                p - ring of protection from cold {unknown}
                                o - ring of sustenance

@: confused, slightly resistant to hostile enchantments, extremely unstealthy
A: unfitting armour, blink 1, clumsy 1, fast metabolism 1, saprovore 1, tough
skin 1
a: Blink, Renounce Religion


You were on level 4 of the Dungeon.
You worshipped Okawaru.
Okawaru was noncommittal.
You were not hungry.

You visited 1 branch of the dungeon, and saw 4 of its levels.

You collected 120 gold pieces.

Inventory:

Hand weapons
 a - a +1,+0 mace
 e - a +0,+3 orcish flail (weapon)
 m - a +2,+2 sling of flame
Missiles
 d - 3 throwing nets (quivered)
Armour
 b - a +1 animal skin
 c - a +0 cap (worn)
 l - a +0 elven robe (worn)
 t - a +0 robe
Magical devices
 j - a wand of polymorph (0)
Comestibles
 f - 3 meat rations
 g - 2 bread rations
 h - a choko
Scrolls
 i - a scroll of magic mapping
 k - 3 scrolls of remove curse
 n - a scroll of fog
 s - a scroll of enchant weapon II {unknown}
Jewellery
 o - a ring of sustenance (left hand)
 p - a ring of protection from cold (right hand) {unknown}


   Skills:
 + Level 5.3 Fighting
 + Level 5.6 Maces & Flails
 - Level 2.1 Throwing
 + Level 4.0 Dodging


You had 5 spell levels left.
You didn't know any spells.

Dungeon Overview and Level Annotations

Branches:
Dungeon (4/16)
 Temple: D:4-7

Altars:
Nemelex Xobeh
Okawaru
Trog

Annotations:
D:4 Pikel


Innate Abilities, Weirdness & Mutations

You are too large for most types of armour.
You have a fast metabolism.
You can tolerate rotten meat.
You have tough skin (AC +1).
You can translocate small distances at will.
You are clumsy. (Dex -2)


Message History

You sock the slave!
The slave is severely wounded.
The slave hits you.
* * * LOW HITPOINT WARNING * * *
You sock the slave!
You kill the slave!
That felt strangely unrewarding.
It hits you.
* * * LOW HITPOINT WARNING * * *
You hear some strange, mumbled words.
The puff of flame hits you!
* * * LOW HITPOINT WARNING * * *
Use which ability? (? or * to list)
You haven't enough vitality at the moment.
You are confused.
It was a potion of confusion.
There are monsters nearby!
Unknown command.
Ouch! It hits you.
You die...

.##.# ####.#...#.#
.. #..........#
#.##.#...#.###
#####.##.##@......
#..[..##.......##.
#@##..............
#@###.......#...#.
#.# #####.#.#...#
#@# #......$.. #.#
###.###.## #.# #.#
.# #.. ... .. #?#
... ... .#. ... #
. . #


You could see 2 slaves.

Vanquished Creatures
  2 slaves (D:4)
  An orc wizard (D:4)
  A worker ant (D:4)
  Ijyb (D:2)
  8 adders
  2 worms (D:3)
  2 giant geckos
  An ooze (D:1)
  4 orcs
  A ball python (D:2)
  5 bats
  2 giant cockroaches
  7 hobgoblins
  2 jackals (D:2)
  6 kobolds
  4 quokkas
  8 giant newts
  11 goblins
  10 rats
78 creatures vanquished.

Notes
Turn   | Place    | Note
--------------------------------------------------------------
     0 | D:1      | HollowCharge, the Ogre Gladiator, began the quest for the Orb.
     0 | D:1      | Reached XP level 1. HP: 22/22 MP: 1/1
   281 | D:1      | Reached XP level 2. HP: 28/31 MP: 2/2
   853 | D:2      | Reached XP level 3. HP: 23/37 MP: 3/3
  1217 | D:2      | Found an iron altar of Okawaru.
  1217 | D:2      | Found a bloodstained altar of Trog.
  1223 | D:2      | Became a worshipper of Warmaster Okawaru
  1321 | D:2      | Reached XP level 4. HP: 19/48 MP: 4/4
  1605 | D:2      | Noticed Ijyb
  1789 | D:2      | Killed Ijyb
  2005 | D:2      | Reached skill level 5 in Maces & Flails
  2314 | D:2      | Reached XP level 5. HP: 33/55 MP: 5/5
  2571 | D:3      | Gained mutation: You can translocate small distances at will. [potion of mutation]
  2571 | D:3      | Gained mutation: You are clumsy. (Dex -2) [potion of mutation]
  3350 | D:3      | Reached skill level 5 in Fighting
  3688 | D:4      | Noticed a slave
  3689 | D:4      | Found a sparkling altar of Nemelex Xobeh.
  3689 | D:4      | Noticed a slave
  3689 | D:4      | Noticed a slave
  3689 | D:4      | Noticed a slave
  3690 | D:4      | Noticed Pikel
  3698 | D:4      | Killed a slave
  3717 | D:4      | Reached XP level 6. HP: 39/66 MP: 6/6
  3744 | D:4      | Killed a slave
  3748 | D:4      | HP: 1/66 [it/puff of flame (12)]
  3751 | D:4      | Slain by an orc wizard

Action                   |  1- 3 |  4- 6 || total
-------------------------+-------+-------++-------
Melee: Mace              |    96 |   107 ||   203
       Unarmed           |       |     8 ||     8
       Flail             |       |    83 ||    83
 Abil: Blink             |       |     2 ||     2
  Use: Scroll            |     9 |     3 ||    12
       Potion            |     1 |     4 ||     5
